 Dungeon Crawl Stone Soup version 0.20-a0-957-g47ad1fd (webtiles) character file.

200 krabocopter the Slasher (level 5, 0/45 HPs)
             Began as a Draconian Skald on Apr 5, 2017.
             Killed by divine providence
             ... invoked by an orc priest
              (13 damage)
             ... on level 3 of the Dungeon.
             The game lasted 00:05:39 (2478 turns).

krabocopter the Slasher (Draconian Skald)           Turns: 2478, Time: 00:05:39

Health: 0/45       AC:  7    Str: 14    XL:     5   Next: 49%
Magic:  8/8        EV: 11    Int: 14    God:
Gold:   163        SH:  0    Dex: 10    Spells: 7/8 levels left

rFire    . . .     SeeInvis .   a - +0 falchion
rCold    . . .     Gourm    .   (no shield)
rNeg     . . .     Faith    .   (armour unavailable)
rPois    .         Spirit   .   (helmet restricted)
rElec    .         Reflect  .   o - +0 cloak
rCorr    .         Harm     .   p - +0 pair of gloves (curse)
MR       .....                  (no boots)
Stlth    +.........             t - amulet of magic regeneration
Regen    0.2/turn               (no ring)
MPRegen  0.2/turn               (no ring)

@: lethally poisoned (0 -> -24), heavily drained
A: unfitting armour, cold-blooded, AC +5
a: no special abilities


You were on level 3 of the Dungeon.
You were not hungry.

You visited 1 branch of the dungeon, and saw 3 of its levels.

You collected 163 gold pieces.

Inventory:

Hand Weapons
 a - a +0 falchion (weapon)
 n - a +1 short sword of venom
Armour
 o - a +0 cloak (worn)
 p - a cursed +0 pair of gloves (worn)
Jewellery
 t - an amulet of magic regeneration (around neck)
Scrolls
 e - a scroll of enchant weapon {unknown}
 f - a scroll of teleportation {unknown}
 h - a scroll of magic mapping {unknown}
 k - a scroll of fear {unknown}
 l - a scroll of noise
 s - a scroll of enchant armour {unknown}
 u - 2 scrolls of remove curse {unknown}
Potions
 g - a potion of resistance {unknown}
 m - a potion of flight {unknown}
 q - a potion of agility {unknown}
 r - a potion of degeneration {unknown}
 v - a potion of invisibility {unknown}
Books
 b - a book of Battle

   Spells                             Type                      Level
   a - Infusion                       Charms                       1
   b - Shroud of Golubria             Charms/Translocation         2
   c - Song of Slaying                Charms                       2
   d - Spectral Weapon                Hexes/Charms                 3
   e - Regeneration                   Charms/Necromancy            3
Comestibles
 c - 2 bread rations
 d - 2 royal jellies
 i - 2 meat rations


   Skills:
 + Level 3.1(1.9) Fighting
 * Level 4.1(2.8) Long Blades
 - Level 2.1(0.9) Dodging
 - Level 2.0(0.8) Spellcasting
 * Level 4.1(2.8) Charms


You had 7 spell levels left.
You knew the following spells:

 Your Spells              Type           Power        Failure   Level  Hunger
a - Infusion              Chrm           #...         10%         1    ##.....


Dungeon Overview and Level Annotations

Branches:
Dungeon (3/15)

Altars:


Innate Abilities, Weirdness & Mutations

Your plain brown scales are hard. (AC +5)
You cannot fit into any form of body armour.
You are cold-blooded and may be slowed by cold attacks.


Message History

You closely miss the orc.
You feel sick.
The orc wizard casts a spell.
The orc wizard blinks!
The orc barely misses you.
You riposte.
You hit the orc but do no damage.
You take 1 damage, and have 18/45 hp.
You barely miss the orc.
Your tail-slap misses the orc.
You feel sick.
The orc hits you with a dagger of venom.
You are more poisoned.
You take 3 damage, and have 15/45 hp.
You hit the orc but do no damage.
You feel sick. The orc barely misses you.
You take 1 damage, and have 14/45 hp.
You closely miss the orc.
* * * LOW HITPOINT WARNING * * *
You feel sick.
The orc wizard casts a spell.
The orc wizard blinks!
The orc hits you but does no damage.
You are lethally poisoned!
The orc priest calls down the wrath of Beogh upon you.
Beogh smites you!
You die...

##### #.##........###.
##### #.##............# #
#.###...######### # #.#
##.## # .# #.# # ## .
#.########## # ... <..
#..........# # ###
.....#############.#
......oo@........#.######
#
..ยง....#########.#.......
# ....##. #.####.### # ...
#P #.# #.... # # #. #.#
##.#. ### #. #.# #.#. ..+
#. ####.# #.#> ### ^P
#....# #.#. # #.#..# #.#.


You could see an orc priest and an orc.

Vanquished Creatures
  An orc priest (D:3)
  2 orc wizards (D:3)
  3 adders
  An ooze (D:2)
  2 worms
  A leopard gecko (D:3)
  8 orcs (D:3)
  A ball python (D:2)
  7 bats
  A giant cockroach (D:1)
  6 goblins
  6 hobgoblins
  4 jackals (D:2)
  12 kobolds
  5 quokkas
  5 frilled lizards
  6 rats
71 creatures vanquished.

Notes
Turn   | Place    | Note
-------+----------+-------------------------------------------
     0 | D:1      | krabocopter the Draconian Skald began the quest for the Orb.
     0 | D:1      | Reached XP level 1. HP: 17/17 MP: 3/3
   156 | D:1      | Reached XP level 2. HP: 15/24 MP: 5/5
   838 | D:2      | Reached XP level 3. HP: 28/30 MP: 6/6
  1485 | D:2      | Reached XP level 4. HP: 37/37 MP: 7/7
  2172 | D:3      | Reached XP level 5. HP: 36/44 MP: 8/8
  2478 | D:3      | Killed from afar by an orc priest

Vault maps used:
D:1:      tarquinn_simple_flora_water_c
D:3:      nicolae_ru_the_path_less_chosen, first_bread, minmay_door_square

Skill      XL: |  1  2  3  4  5 |
---------------+----------------+-----
Charms         | 3 4 |  4.1
Long Blades    | 3 4 |  4.1
Fighting       | 3 |  3.1
Dodging        | |  2.1
Spellcasting   | |  2.0

Action                   |  1- 3 |  4- 6 || total
-------------------------+-------+-------++-------
Melee: Falchion          |    98 |    57 ||   155
       Tailslap          |    13 |    10 ||    23
       Short sword       |    39 |    43 ||    82
 Cast: Infusion          |     1 |     1 ||     2
  Use: Potion            |       |     4 ||     4
       Scroll            |       |     1 ||     1
  Eat: Chunk             |     2 |     3 ||     5
Armor: Skin              |    48 |    32 ||    80
Dodge: Dodged            |   103 |    57 ||   160
       Rpst.: Falchion   |    15 |    12 ||    27
